 Dungeon Crawl Stone Soup version 0.21-a0-70-g32e1473 (webtiles) character file.

6850 nikopol the Cleaver (level 10, -3/136 HPs)
             Began as a Minotaur Berserker on June 18, 2017.
             Was a High Priest of Trog.
             Slain by an orc warrior
             ... wielding a +0 trident
              (6 damage)
             ... on level 10 of the Dungeon.
             The game lasted 00:21:02 (8078 turns).

nikopol the Cleaver (Minotaur Berserker)            Turns: 8078, Time: 00:21:02

Health: -3/136     AC:  4    Str: 32    XL:     10   Next: 78%
Magic:  9/9        EV: 15    Int:  4    God:    Trog [*****.]
Gold:   485        SH:  0    Dex: 15    Spells: 9/9 levels left

rFire    . . .     SeeInvis .   a - +2 hand axe (holy)
rCold    . . .     Gourm    .   (no shield)
rNeg     . . .     Faith    .   y - +1 ring mail of Tenacity {*Corrode Regen+ Str+5 Dex+2} (curse)
rPois    .         Spirit   .   (helmet restricted)
rElec    .         Reflect  .   (no cloak)
rCorr    .         Harm     .   H - +0 pair of gloves
MR       .....                  M - +2 pair of boots
Stlth    ..........             (no amulet)
HPRegen  0.72/turn              (no ring)
MPRegen  0.11/turn              (no ring)

@: berserking, corroded, very quick
A: retaliatory headbutt, horns 2
a: Berserk, Trog's Hand, Brothers in Arms, Burn Spellbooks, Renounce Religion


You were on level 10 of the Dungeon.
You worshipped Trog.
Trog was extremely pleased with you.
You were hungry.

You visited 1 branch of the dungeon, and saw 10 of its levels.
You also visited: Sewer.

You collected 485 gold pieces.

Inventory:

Hand Weapons
 a - a +2 hand axe of holy wrath (weapon)
 e - a +0 hand axe
 z - a +0 shortbow
Missiles
 h - 82 arrows (quivered)
Armour
 b - a +0 animal skin
 j - a +1 ring mail
 y - the cursed +1 ring mail of Tenacity (worn) {*Corrode Regen+ Str+5 Dex+2}
   (You found it on level 4 of the Dungeon)

   It affects your strength (+5).
   It affects your dexterity (+2).
   It increases your rate of regeneration.
   It may corrode you when you take damage.
   It has a curse placed upon it.
 H - a +0 pair of gloves (worn)
 M - a +2 pair of boots (worn)
Jewellery
 f - an uncursed amulet of rage
 o - an uncursed amulet of harm
 w - an uncursed ring of resist corrosion {unknown}
 O - an uncursed ring of protection from fire {unknown}
 P - an uncursed ring of ice {unknown}
Wands
 G - a wand of polymorph (7/24)
 J - a wand of paralysis (14/24)
 N - a wand of lightning (3/15)
 R - a wand of flame (24/48)
Scrolls
 m - a scroll of enchant armour
 p - a scroll of enchant weapon
 s - 8 scrolls of teleportation
 B - 2 scrolls of remove curse {unknown}
 D - 8 scrolls of identify
 E - a scroll of fear {unknown}
 F - 3 scrolls of vulnerability {unknown}
 K - a scroll of blinking {unknown}
Potions
 d - 2 potions of degeneration
 g - 2 potions of might
 i - a potion of berserk rage {unknown}
 k - 5 potions of curing
 l - 4 potions of flight
 n - a potion of brilliance {unknown}
 t - 3 potions of heal wounds {unknown}
 u - 2 potions of mutation
 v - 2 potions of resistance {unknown}
 x - 2 potions of lignification {unknown}
 A - a potion of haste {unknown}
 C - 2 potions of magic {unknown}
 Q - a potion of invisibility {unknown}
Comestibles
 c - 5 bread rations
 q - 3 meat rations
 r - 2 royal jellies
 I - 6 chunks of flesh
 L - a fruit


   Skills:
 + Level 9.2 Fighting
 + Level 10.5 Axes
 + Level 10.2 Bows
 + Level 8.1 Armour
 + Level 5.5 Dodging
 + Level 1.6 Stealth


You had 9 spell levels left.
You didn't know any spells.

Dungeon Overview and Level Annotations

Branches:
Dungeon (10/15)            Temple (0/1) D:6             Orc (0/2) D:9
   Lair: D:8-11

Altars:
Ashenzari
Cheibriados
Fedhas
Gozag
Hepliaklqana
Nemelex Xobeh
Okawaru
Wu Jian
Xom
Zin


Innate Abilities, Weirdness & Mutations

You reflexively headbutt those who attack you in melee.
You have a pair of horns on your head.


Message History

* * * LOW HITPOINT WARNING * * *
You hit the two-headed ogre.
The two-headed ogre is heavily wounded.
You hit the orc.
The orc warrior hits you from afar with a trident!!
* * * LOW HITPOINT WARNING * * *
The orc closely misses you. You furiously retaliate!
You headbutt the orc!!
You kill the orc!
Trog accepts your kill.
You hit the two-headed ogre. You headbutt the two-headed ogre!
The two-headed ogre is severely wounded.
You slash the two-headed ogre! You headbutt the two-headed ogre.
You kill the two-headed ogre!
Trog accepts your kill.
Your Bows skill increases to level 10!
Your Armour skill increases to level 8!
You slash the orc!
You kill the orc!
Trog accepts your kill.
The orc warrior hits you from afar with a trident.
You die...

... ... #.. #.# #.#
#.############
###########.............
.................)...$..
................@)o.$..W
#################).#....
..# . . (... ... .(..P
### ..(.... # ....... .
.......


You could see a phantom (wandering) and an orc warrior.

Vanquished Creatures
  2 two-headed ogres
  Psyche (D:8)
  A troll (D:9)
  2 hippogriffs (D:9)
  Prince Ribbit (D:7)
  A hungry ghost (D:9)
  2 water moccasins
  4 orc warriors
  A black bear (D:9)
  2 sky beasts (D:6)
  An ice beast (D:5)
  A phantom (D:8)
  An ogre (D:4)
  3 centaurs
  A crocodile (D:9)
  A big kobold (Sewer)
  9 bullfrogs
  A water moccasin skeleton (D:6)
  5 killer bees
  A wight (D:9)
  8 crimson imps
  A centaur zombie (D:7)
  A bullfrog zombie (D:5)
  7 hounds
  11 orc wizards
  A bullfrog skeleton (D:4)
  2 orc priests
  A quasit (D:9)
  2 centaur skeletons
  7 iguanas
  2 jellies (D:5)
  Jessica (D:3)
  8 worker ants
  10 adders
  8 gnolls
  2 river rats (Sewer)
  An adder zombie (D:6)
  8 worms
  6 dart slugs
  A leopard gecko (D:6)
  37 orcs
  3 ball pythons
  13 bats
  5 giant cockroaches
  8 goblins
  8 hobgoblins
  13 jackals
  17 kobolds
  7 quokkas
  8 frilled lizards
  2 quokka skeletons
  14 rats
264 creatures vanquished.

Vanquished Creatures (others)
  5 dream sheep (D:7)
5 creatures vanquished.

Grand Total: 269 creatures vanquished

Notes
Turn   | Place    | Note
-------+----------+-------------------------------------------
     0 | D:1      | nikopol the Minotaur Berserker began the quest for the Orb.
     0 | D:1      | Reached XP level 1. HP: 19/19 MP: 0/0
   443 | D:1      | Reached XP level 2. HP: 18/27 MP: 1/1
  1186 | D:2      | Reached XP level 3. HP: 28/34 MP: 2/2
  1324 | D:2      | Reached ** piety under Trog
  1450 | D:2      | HP: 1/34 [worm (7)]
  1909 | D:2      | Reached XP level 4. HP: 40/41 MP: 3/3
  2383 | D:3      | Reached skill level 5 in Axes
  2560 | D:3      | Reached skill level 5 in Fighting
  2693 | D:3      | Reached XP level 5. HP: 45/48 MP: 4/4
  2851 | D:3      | Noticed Jessica
  2855 | D:3      | Killed Jessica
  3165 | D:4      | Reached *** piety under Trog
  3299 | D:4      | Got a pitted ring mail
  3310 | D:4      | Identified the cursed +1 ring mail of Tenacity {*Corrode Regen+ Str+5 Dex+2} (You found it on level 4 of the Dungeon)
  3490 | D:4      | Noticed an ogre
  3496 | D:4      | Killed an ogre
  3496 | D:4      | Reached XP level 6. HP: 45/56 MP: 5/5
  3747 | D:4      | Reached skill level 5 in Armour
  3855 | D:4      | Reached XP level 7. HP: 61/61 MP: 6/6
  4013 | D:5      | Entered Level 5 of the Dungeon
  4032 | D:5      | Found a blossoming altar of Fedhas.
  4047 | D:5      | Found an opulent altar of Gozag.
  4205 | D:5      | Found a glowing drain.
  4210 | Sewer    | Entered a sewer
  4213 | Sewer    | Reached **** piety under Trog
  4332 | Sewer    | Found a white marble altar of Elyvilon.
  4438 | D:5      | Reached skill level 1 in Bows
  4468 | D:5      | Reached XP level 8. HP: 69/69 MP: 7/7
  4867 | D:5      | Found a glowing silver altar of Zin.
  5002 | D:6      | Reached skill level 1 in Stealth
  5259 | D:6      | Reached skill level 5 in Bows
  5428 | D:6      | Reached XP level 9. HP: 74/78 MP: 8/8
  5451 | D:6      | Reached ***** piety under Trog
  5494 | D:6      | Found a staircase to the Ecumenical Temple.
  5646 | D:7      | Noticed Prince Ribbit
  5657 | D:7      | Killed Prince Ribbit
  5730 | D:7      | Found a snail-covered altar of Cheibriados.
  5792 | D:7      | Found a hazy altar of Hepliaklqana.
  5884 | D:7      | Found an ornate altar of the Wu Jian Council.
  5939 | D:7      | Found a shimmering altar of Xom.
  6137 | D:7      | Found an iron altar of Okawaru.
  6405 | D:7      | Reached skill level 5 in Dodging
  6557 | D:8      | Received a gift from Trog
  6666 | D:8      | Noticed a two-headed ogre
  6678 | D:8      | Killed a two-headed ogre
  6678 | D:8      | Reached XP level 10. HP: 88/88 MP: 9/9
  6716 | D:8      | Found a sparkling altar of Nemelex Xobeh.
  6734 | D:8      | Noticed Psyche
  6750 | D:8      | Killed Psyche
  6969 | D:8      | Found a shattered altar of Ashenzari.
  7177 | D:9      | Reached skill level 10 in Axes
  7622 | D:9      | Found a staircase to the Orcish Mines.
  7867 | D:9      | Received a gift from Trog
  7979 | D:10     | Entered Level 10 of the Dungeon
  8063 | D:10     | Noticed a two-headed ogre
  8076 | D:10     | HP: 2/136 [orc warrior/trident (21)]
  8078 | D:10     | Killed a two-headed ogre
  8078 | D:10     | Reached skill level 10 in Bows
  8078 | D:10     | Slain by an orc warrior

Vault maps used:
D:1:      dpeg_arrival_pits
D:2:      first_bread, minmay_misc_feat_alley, kennysheep_decorative_pillar,
          minmay_joined_circles
D:3:      serial_corexii_hall, corexii_hall_statues_i, corexii_hall_statues_x,
          minmay_misc_feat_ornament, uniq_jessica
D:5:      lemuel_coloured_pillars_altar, minitemple, portal_sewer_entry_e
D:6:      minmay_temple_entry_butterflies
D:7:      lemuel_round_altar, kb_xom_exploding_sheep, lemuel_crystal_altar,
          nicolae_overflow_crystal_walls, okawaru_altar_gauntlet_db,
          uniq_prince_ribbit1
D:8:      lemuel_doored_altar, marbit_many_paths, uniq_psyche
D:9:      orc_0_dummy
D:10:     serial_shops, nicolae_shop_overgrown_old_shop, hangedman_fish_farm
Sewer:    sewer_kobolds

Skill      XL: |  1  2  3  4  5  6  7  8  9 10 |
---------------+-------------------------------+-----
Fighting       | 4 5 6 8 9 |  9.2
Axes           | 4 5 6 7 9 10 | 10.5
Armour         | 3 4 5 6 7 8 |  8.1
Dodging        | 3 4 5 |  5.5
Bows           | 1 5 8 10 | 10.2
Stealth        | 1 |  1.6

Action                   |  1- 3 |  4- 6 |  7- 9 | 10-12 || total
-------------------------+-------+-------+-------+-------++-------
Melee: Hand axe          |    84 |   145 |   189 |    84 ||   502
       Headbutt          |    11 |    23 |    47 |    29 ||   110
 Fire: Shortbow          |       |       |   185 |    77 ||   262
Invok: Berserk           |     1 |     1 |     2 |     1 ||     5
       Burn Spellbooks   |       |       |     1 |       ||     1
  Use: Scroll            |       |       |    13 |       ||    13
  Eat: Chunk             |     4 |     7 |    10 |     6 ||    27
Armor: Animal skin       |     5 |       |       |       ||     5
       Ring mail         |    21 |    51 |    55 |    20 ||   147
Dodge: Dodged            |    44 |    78 |   146 |    79 ||   347
